 Dungeon Crawl Stone Soup version 0.21.1-1-g345015f (webtiles) character file.

56 aMcNicky the Ruffian (level 3, -1/28 HPs)
             Began as a Draconian Transmuter on Mar 2, 2018.
             Slain by Crazy Yiuf
             ... wielding a +2 quarterstaff of chaos
              (3 damage)
             ... on level 2 of the Dungeon.
             The game lasted 00:11:36 (1707 turns).

aMcNicky the Ruffian (Draconian Transmuter)         Turns: 1707, Time: 00:11:37

Health: -1/28      AC:  5    Str: 13    XL:     3   Next: 71%
Magic:  0/6        EV: 12    Int: 13    God:
Gold:   35         SH:  0    Dex: 11    Spells: 3/6 levels left

rFire    . . .     SeeInvis .     - Unarmed
rCold    . . .     Gourm    .   (no shield)
rNeg     . . .     Faith    .   (armour unavailable)
rPois    .         Spirit   .   (helmet restricted)
rElec    .         Reflect  .   (no cloak)
rCorr    .         Harm     .   (no gloves)
MR       .....                  (boots currently unavailable)
Stlth    +.........             (no amulet)
HPRegen  0.09/turn              (no ring)
MPRegen  0.10/turn              (no ring)

@: appendage
A: unfitting armour, talons 3, cold-blooded, AC +5
a: End Transformation


You were on level 2 of the Dungeon.
You were not hungry.
You had grown temporary talons.
You visited 1 branch of the dungeon, and saw 2 of its levels.

You collected 35 gold pieces.

Inventory:

Hand Weapons
 j - a +0 short sword
Missiles
 a - 10 arrows
Armour
 f - a +0 chain mail
 m - a +0 ring mail
 n - a +0 pair of gloves
Scrolls
 d - a scroll of amnesia {unknown}
 e - 2 scrolls of enchant armour {unknown}
 h - a scroll of remove curse {unknown}
 k - 2 scrolls of identify {unknown}
Potions
 g - a potion of mutation {unknown}
 i - 2 potions of heal wounds {unknown}
 l - a potion of curing {unknown}
Books
 b - a book of Changes

   Spells                             Type                      Level
   a - Beastly Appendage              Transmutation                1
   b - Sticks to Snakes               Transmutation                2
   c - Spider Form                    Transmutation/Poison         3
   d - Ice Form                       Ice/Transmutation            4
   e - Blade Hands                    Transmutation                5
Comestibles
 c - 3 rations
 o - 2 chunks of flesh


   Skills:
 - Level 1.5 Fighting
 - Level 0.2 Short Blades
 - Level 2.0 Dodging
 + Level 3.6 Unarmed Combat
 - Level 2.2 Spellcasting
 + Level 2.8 Transmutations


You had 3 spell levels left.
You knew the following spells:

 Your Spells              Type           Power        Failure   Level  Hunger
a - Beastly Appendage     Tmut           #.....       8%          1    ##.....
b - Sticks to Snakes      Tmut           #.......     12%         2    ###....


Dungeon Overview and Level Annotations

Branches:
Dungeon (2/15)

Altars:

Annotations:
D:2 Crazy Yiuf


Innate Abilities, Weirdness & Mutations

Your plain brown scales are hard. (AC +5)
You cannot fit into any form of body armour.
You are cold-blooded and may be slowed by cold attacks.
You have claws for feet.


Message History

Casting: Sticks to Snakes
Confirm with . or Enter, or press ? or * to list all spells.
Okay, then.
Casting: Sticks to Snakes
Confirm with . or Enter, or press ? or * to list all spells.
Your feet morph into talons.
Crazy Yiuf cries, "Blight bush leg!"
Crazy Yiuf closely misses you.
You hit Crazy Yiuf.
Crazy Yiuf is severely wounded.
You hit Crazy Yiuf but do no damage. Your kick misses Crazy Yiuf.
Crazy Yiuf is severely wounded.
Crazy Yiuf hits you with a quarterstaff of chaos.
Crazy Yiuf freezes you.
You hit Crazy Yiuf. Your kick misses Crazy Yiuf.
Crazy Yiuf is almost dead.
Crazy Yiuf hits you with a quarterstaff of chaos!
* * * LOW HITPOINT WARNING * * *
Crazy Yiuf freezes you.
You die...

### ### ###### #.# #)..###
##P...## #.#
#...'g####.P....# # ####
##.# #...##@.#..P....#######
...###..# ###
###.#....#........ ##.##...#
############.### #.#....#
#.# # #......##### #########
#.# # ###.(......#
#......>####.# #
##....#..######............#
#
#...........[........######
# ####.............##.#.## #


You could see Crazy Yiuf.

Vanquished Creatures
  2 adders (D:2)
  An ooze (D:1)
  A worm (D:2)
  2 leopard geckos
  A giant cockroach (D:1)
  4 hobgoblins
  7 bats
  4 frilled lizards (D:1)
  5 goblins
  2 kobolds (D:1)
  A rat (D:1)
30 creatures vanquished.

Vanquished Creatures (others)
  A kobold (D:1)
1 creature vanquished.

Grand Total: 31 creatures vanquished

Notes
Turn   | Place    | Note
-------+----------+-------------------------------------------
     0 | D:1      | aMcNicky the Draconian Transmuter began the quest for the Orb.
     0 | D:1      | Reached XP level 1. HP: 16/16 MP: 3/3
   141 | D:1      | Reached XP level 2. HP: 9/23 MP: 3/5
   975 | D:2      | Reached XP level 3. HP: 21/28 MP: 4/6
  1510 | D:2      | Learned a level 2 spell: Sticks to Snakes
  1685 | D:2      | Found a runed door.
  1689 | D:2      | Noticed Crazy Yiuf
  1707 | D:2      | Slain by Crazy Yiuf

Skill      XL: |  1  2 |
---------------+-------+-----
Dodging        | 2 |  2.0
Fighting       | |  1.5
Short Blades   | |  0.2
Unarmed Combat | |  3.6
Spellcasting   | |  2.2
Transmutations | |  2.8

Action                   || total
-------------------------++-------
Melee: Unarmed           ||    86
       Kick              ||     6
       Tailslap          ||     6
       Short sword       ||    30
       Punch             ||     3
       Headbutt          ||     3
 Cast: Beastly Appendage ||     8
       Sticks to Snakes  ||     2
  Eat: Chunk             ||     3
Armor: Skin              ||    59
Dodge: Dodged            ||   106
